[Event "Swietokrzyskie IM Chess-ch 2022"]
[Site "Zagnansk"]
[Date "2022.05.04"]
[Round "6.3"]
[White "Nowak, FM Lukasz"]
[Black "Vlachos, IM Anatole"]
[Result "0-1"]
[ECO "C54"]
[WhiteElo "2376"]
[BlackElo "2406"]
[Annotator "TA"]
[PlyCount "142"]
[EventDate "2022.04.29"]
[EventCountry "POL"]
[SourceTitle "playchess.com"]
[Source "ChessBase"]
[SourceQuality "1"]
[TimeControl "40/5400+30:1800+30"]

1. e4 e5 2. Nf3 Nc6 3. Bc4 Bc5 4. c3 Nf6 5. d4 exd4 6. e5 d5 7. Bb5 Ne4 8. cxd4 Bb6 9. Nc3 O-O 10. Be3 {[%emt 0:00:19] C54: Giuoco Piano: 4 c3 Nf6, main lines with 5 d4 and 5 d3.} Bg4 11. h3 Bh5 12. Qc2 {[%emt 0:00:13] The position is equal.} f5 {[%emt 0:02:38] [#] Recently 12...Nxc3 got a lot of attention.} 13. Nxd5 Ba5+ $1 (13... Qxd5 $2 14. Bc4 Bf7 15. Bxd5 $18) 14. Ke2 (14. Nc3 Nxc3 15. bxc3 Bxf3 16. gxf3 Nxd4 $17) 14... Nxd4+ 15. Bxd4 Nd2 $1 (15... Qxd5 $2 16. Bc4 Bf7 17. Bxd5 $18) 16. Qc5 Ne4 {[%emt 0:00:24] Chess con chili.} 17. Qc2 Nd2 $1 (17... Qxd5 $2 18. Bc4 Bf7 19. Bxd5 $18) 18. Qc5 Ne4 19. Qc4 {[%emt 0:07:28] [#]} Nd2 $146 (19... Bf7 $11) ({Predecessor:} 19... Bf7 20. Nf6+ Nxf6 21. e6 Qe7 22. Bc5 Qxe6+ 23. Qxe6 Bxe6 24. Bxf8 Kxf8 25. Rhc1 Bb6 26. Bc4 Bd7 27. Kf1 Ne4 {½-½ (84) Pichot,A (2630)-Dubov,D (2710) chess24.com INT 2021}) 20. Nf6+ $1 $18 Kh8 21. Nxh5 Nxc4 22. Bxc4 c5 23. Be3 (23. Bxc5 $2 Qc8 24. Rhc1 (24. b4 $2 Bxb4 25. Nf4 Qxc5 $19) 24... Qxc5 $19) 23... b5 24. Be6 (24. Bxb5 Qb6 25. a4 a6 $15) 24... Qe7 25. Bd5 Rac8 26. h4 (26. Bg5 $18 {and White stays clearly on top.} Qc7 27. Rhd1) 26... Bc7 $16 27. Rhe1 ({Better is} 27. Bf4 $1 $16) 27... Bxe5 (27... f4 $1 $11 {keeps the balance.} 28. Nxf4 (28. Bxf4 Qd7 $17) 28... Bxe5) 28. Kf1 $1 (28. Bg5 Qd6 29. Kf1 Bxb2 $11) 28... Qd7 29. Rad1 Bxb2 30. Ng5 ({White should try} 30. Nf4 $1 $14) 30... b4 (30... Bc3 $11 31. Be6 Qe8 32. Bxc5 Bxe1 33. Bxf8 Qxh5 34. Nf7+ Kg8) 31. Kg1 {[%emt 0:01:47] Black must now prevent Be6.} Bc3 32. Be6 {[%emt 0:01:48][%mdl 64] Pin. This bishop pair is nice.} Qe8 33. Bxc8 Bxe1 34. Be6 {[%emt 0:00:24] Nf4 is the strong threat.} h6 $2 35. Bf7 $4 Rxf7 $19 36. Rd8 Rf8 37. Rxe8 Rxe8 38. Nf7+ Kh7 {[%emt 0:02:57] Hoping for ...c4.} ({And not} 38... Kg8 39. Nxh6+ $1 Kh7 40. Nxf5 $17) 39. Nd6 Re6 40. Bxc5 Bd2 {[%emt 0:00:00] Prevents Nf4.} 41. Ng3 a5 42. Ndxf5 $2 (42. Nc4 Rc6 43. Nxd2 Rxc5 44. Nb3) 42... Re1+ 43. Nf1 Bc3 44. Bb6 (44. N5e3 $142 Re2 45. Nd5) 44... a4 $1 {[%emt 0:00:20] And now ...b3 would win.} 45. N5e3 Ra1 46. Ba5 Rxa2 47. Nd5 Bd4 (47... Be1 $142 48. Nxb4 Bxf2+ 49. Kh2 Rb2) 48. Bxb4 a3 $2 (48... Rxf2 $19 49. Nfe3 Rb2) 49. Nde3 $17 Bxe3 {[%emt 0:05:14] Black is more active.} 50. Nxe3 Ra1+ 51. Kh2 a2 {[%emt 0:00:01][%mdl 1024] Black has strong compensation.} 52. Bc3 Rc1 53. Bb2 Kg6 54. g3 Kf7 55. Kg2 g6 56. Ng4 {[%emt 0:00:32] [#]} Rb1 (56... Ke6 $1 $17 57. Nxh6 Kd5 $1) 57. Nxh6+ $15 Ke6 58. Bg7 Kd5 {[%emt 0:00:26] aiming for ...Kc4.} 59. Ng4 $2 {[%emt 0:00:48][%mdl 8192] [#]} (59. g4 $15) 59... Kc4 $1 $19 {[%emt 0:00:05] Strongly threatening ...Kb3.} 60. Ne5+ {[%emt 0:00:30] [#]} Kb3 $1 61. Nd3 Kc2 62. Nf4 Rb2 63. Bxb2 Kxb2 64. Nxg6 a1=Q 65. Nf4 Kc3 66. Ne2+ Kd2 67. Nf4 Qa8+ 68. Kg1 Qf3 69. h5 Kd1 70. h6 Qc6 (70... Qe4 $142 71. Kh2 Ke1 72. Kh3 Kxf2 73. Kh4 Qe7+ 74. Kg4 Qf6 75. h7 Qg7+ 76. Kf5 Qxh7+ 77. Ke5 Qg7+ 78. Ke4 Qg4 79. Ke5 Qxg3 80. Kf5 Qf3 81. Ke5 Qe3+ 82. Kf5 Kf3 83. Ne6 Qe4+ 84. Kf6 Kg4 85. Ng7 Qc6+ 86. Ne6 Qd6 87. Kf7 Kf5 88. Ng7+ Ke5 89. Ke8 Qc7 90. Kf8 Qd7 91. Kg8 Kf6 92. Nh5+ Kg5 93. Nf4 Kxf4 94. Kf8 Kf5 95. Kg8 Kg6 96. Kh8 Qh7#) 71. h7 Qh6 {[%emt 0:00:03] Quite a comeback for Black.  Weighted Error Value: White=0.38/Black=0.32} 0-1

[Event "Swietokrzyskie IM Chess-ch 2022"]
[Site "Zagnansk"]
[Date "2022.05.04"]
[Round "6.4"]
[White "Kotyk, Michael"]
[Black "Manik, GM Mikulas"]
[Result "0-1"]
[ECO "E69"]
[WhiteElo "2170"]
[BlackElo "2367"]
[Annotator "TA"]
[PlyCount "38"]
[EventDate "2022.04.29"]
[EventCountry "POL"]
[SourceTitle "playchess.com"]
[Source "ChessBase"]
[SourceQuality "1"]
[TimeControl "40/5400+30:1800+30"]

1. d4 Nf6 2. c4 g6 3. g3 Bg7 4. Bg2 O-O 5. Nc3 c6 6. e4 d6 7. Nf3 e5 8. h3 Nbd7 9. O-O Re8 10. Re1 exd4 11. Nxd4 Qb6 12. Nb3 Ne5 13. Be3 {[%emt 0:00:09] E69: King's Indian: Fianchetto: 6...Nbd7 7 0-0 e5 8 e4 c6 9 h3.} Qc7 (13... c5 $11) 14. c5 dxc5 15. Bxc5 {[%emt 0:04:43] The position is equal.} (15. f4 $5 ) 15... Rd8 {[%emt 0:01:15] [#]} 16. Bd4 $146 {[%emt 0:03:08] Black must now prevent Bxe5.} ({Predecessor:} 16. Qc2 Nd3 17. Red1 Nxc5 18. Nxc5 Rxd1+ 19. Rxd1 Qe7 20. Nd3 Be6 21. Nf4 Re8 22. Nxe6 Qxe6 {½-½ (68) Pniaczek,M (2110)-Cech,D (2128) Slovakia 2019}) 16... Be6 17. f4 Bxb3 18. Bxe5 $4 Qb6+ $19 ({Less strong is} 18... Bxd1 19. Bxc7 Rd7 {[#]} 20. e5 $1 $16 (20. Raxd1 Rxc7 21. e5 Nd7 $16)) 19. Bd4 Rxd4 {[%emt 0:00:04] Weighted Error Value: White=1.21/Black=0.18 (very precise)} ({Inferior is} 19... Bxd1 20. Bxb6 axb6 21. Raxd1 $15) 0-1

[Event "Swietokrzyskie IM Chess-ch 2022"]
[Site "Zagnansk"]
[Date "2022.05.04"]
[Round "6.5"]
[White "Chylewski, FM Patryk"]
[Black "Malek, Jan"]
[Result "0-1"]
[ECO "D04"]
[WhiteElo "2281"]
[BlackElo "2316"]
[Annotator "TA"]
[PlyCount "74"]
[EventDate "2022.04.29"]
[EventCountry "POL"]
[SourceTitle "playchess.com"]
[Source "ChessBase"]
[SourceQuality "1"]
[TimeControl "40/5400+30:1800+30"]

1. d4 Nf6 2. Nf3 d5 3. e3 c5 4. Bd3 Nc6 5. b3 cxd4 6. exd4 {[%emt 0:00:05] D04: Colle System.} Qc7 (6... Bg4 $15) 7. a3 (7. h3 $11) 7... Bg4 $15 8. Bb2 {[%emt 0:01:33] Black has an edge.} e6 9. Nbd2 Bd6 10. h3 Bh5 11. O-O g5 {[%emt 0:17:05] [#]} 12. Be2 $146 ({Predecessor:} 12. Re1 g4 13. hxg4 Nxg4 14. c4 Bh2+ 15. Kf1 Bg3 16. cxd5 Bxf2 17. dxc6 Qg3 18. cxb7 {1-0 (47) Nikoladze,S (2132)-Ozates,T (2217) Chess.com INT 2020}) 12... Bxf3 13. Nxf3 g4 14. hxg4 Nxg4 15. c4 O-O-O 16. Ng5 $2 {[%emt 0:12:36] Black keeps a firm grip on the game.} (16. Rc1 $11) 16... Bh2+ $19 (16... Bxa3 17. Bxg4 Bxb2 18. cxd5 Bxa1 19. Qxa1 Rxd5 20. Nxe6 $15) 17. Kh1 {[%emt 0:00:05] [#]} Bg1 $1 18. f4 Nf2+ 19. Rxf2 Bxf2 20. Nh3 Bh4 21. cxd5 exd5 ({And not} 21... Rxd5 22. Bf3 Qd7 23. Bxd5 Qxd5 24. Qf3 $17) 22. Bb5 Bf6 23. Rc1 Rd6 24. a4 a6 25. Bd3 {[%emt 0:05:04] [#]} Kb8 $1 26. b4 Qd7 27. b5 {[%emt 0:01:03] [#]} Nb4 ({Inferior is} 27... Nxd4 28. bxa6 Rc8 29. Rb1 $17) 28. Ba3 a5 29. Be2 (29. Qd2 {was called for.}) 29... Rg8 {[%emt 0:00:59][%cal Bh8g8,Bg8g3,Bg3c3][%mdl 32] White must now prevent ...Rg3.} 30. Bxb4 axb4 31. a5 Rg3 {[%emt 0:06:00] And now ...Rxh3+ would win.} 32. Kh2 Rc3 33. Rb1 Bh4 34. Rxb4 Rg6 {[%emt 0:00:09][%cal Og6g2] ( -> ...Rxg2+!)} 35. Rb3 {[%emt 0:00:47] [#]} Rxg2+ $1 {[%emt 0:00:11][%mdl 512] Black mates.} 36. Kxg2 Qxh3+ $1 37. Kg1 Rxb3 {[%emt 0:00:49] Weighted Error Value: White=0.75/Black=0.29 (precise)} 0-1

[Event "Swietokrzyskie IM Chess-ch 2022"]
[Site "Zagnansk"]
[Date "2022.05.04"]
[Round "7.1"]
[White "Malek, Jan"]
[Black "Sieciechowicz, IM Marcin"]
[Result "0-1"]
[ECO "C11"]
[WhiteElo "2316"]
[BlackElo "2388"]
[Annotator "TA"]
[PlyCount "104"]
[EventDate "2022.04.29"]
[EventCountry "POL"]
[SourceTitle "playchess.com"]
[Source "ChessBase"]
[SourceQuality "1"]
[TimeControl "40/5400+30:1800+30"]

1. e4 e6 2. d4 d5 3. Nc3 Nf6 4. e5 Nfd7 5. f4 c5 6. Nf3 Nc6 7. Be3 Be7 8. Qd2 O-O 9. dxc5 Bxc5 {[%emt 0:00:12] C11: French: Classical System: 4 e5 and 4 Bg5 dxe4.} 10. O-O-O Qa5 11. a3 a6 {White is slightly better. was the old line (11...Be7).} 12. Bxc5 Nxc5 13. Qf2 {[%emt 0:00:27] [#]} Bd7 $146 ({Predecessor:} 13... f6 14. exf6 Rxf6 15. g3 Bd7 16. Bg2 Na4 17. Nxa4 Qxa4 18. Qc5 Rc8 19. b3 Qe4 {1-0 (43) Ashton,A (2323)-Williams,S (2468) Torquay 2019}) 14. h4 Na4 15. Nxa4 Qxa4 16. Nd4 Rac8 {[%emt 0:06:39] aiming for ...Nxd4.} 17. c3 b5 18. Nxc6 Rxc6 19. Rd4 Qb3 20. Qc2 Qxc2+ (20... Qa2 {looks sharper.} 21. Kd2 Rb8 22. Bd3 h5) 21. Kxc2 f6 22. exf6 gxf6 23. f5 (23. g4 $14) 23... e5 $15 24. Rxd5 Bxf5+ 25. Kc1 ({Don't go for} 25. Bd3 $2 Be6 26. Be4 f5 $19) 25... Be6 26. Rd2 Kf7 27. Be2 f5 28. Rf1 Ke7 29. Rd3 Rcc8 30. Rg3 Rg8 {[%emt 0:01:28] Inhibits Rg7+.} 31. Re3 Rxg2 32. Rxe5 Kf6 $1 $36 {[%emt 0:00:56][%mdl 2048] Black has some pressure.} 33. Bf3 Kxe5 {[%emt 0:04:18] Black is more active.} 34. Bxg2 $17 {[%emt 0:00:13][%mdl 4096] Endgame KRB-KRB} Rc4 35. h5 {[%emt 0:01:25] Black keeps a firm grip on the game.} Rh4 36. Re1+ Kf6 37. Bf3 Bf7 38. Rd1 (38. h6 $142) 38... Bxh5 39. Rd6+ {[%emt 0:00:11] [#]} Kg5 $1 40. Bb7 a5 41. b4 axb4 42. axb4 (42. cxb4 $142 Be2 43. Kd2) 42... Rh3 43. Kd2 {[%emt 0:00:58] [#]} Rh2+ $1 44. Kd3 (44. Ke1 $142) 44... Be2+ $19 45. Kd4 Bc4 46. Kc5 Rh3 47. Bc6 $2 (47. Bd5 Bxd5 48. Rxd5) 47... Rxc3 48. Bxb5 Bxb5+ 49. Kxb5 f4 {[%emt 0:01:17][%cal Bf5f4,Bf4f3,Bf3f2][%mdl 32] Hoping for ...f3.} 50. Ka6 f3 {[%emt 0:00:24] Black mates.} 51. Rd7 f2 52. Rf7 Rc6+ {[%emt 0:00:06] Weighted Error Value: White=0.45/Black=0.04 (flawless)} 0-1

[Event "Swietokrzyskie IM Chess-ch 2022"]
[Site "Zagnansk"]
[Date "2022.05.04"]
[Round "7.2"]
[White "Manik, GM Mikulas"]
[Black "Chylewski, FM Patryk"]
[Result "1-0"]
[ECO "B90"]
[WhiteElo "2367"]
[BlackElo "2281"]
[Annotator "TA"]
[PlyCount "99"]
[EventDate "2022.04.29"]
[EventCountry "POL"]
[SourceTitle "playchess.com"]
[Source "ChessBase"]
[SourceQuality "1"]
[TimeControl "40/5400+30:1800+30"]

1. e4 c5 2. Nf3 d6 3. d4 cxd4 4. Nxd4 Nf6 5. Nc3 a6 6. b3 {[%emt 0:00:01] B90: Sicilian Najdorf: Unusual White 6th moves, 6 Be3 Ng4 and 6 Be3 e5.} e5 7. Nde2 Be7 8. g3 {[%emt 0:00:11] [#] The position is equal.} Nbd7 $146 ({Predecessor:} 8... b5 9. Bg2 O-O 10. O-O b4 11. Nd5 Nxd5 12. exd5 a5 13. a3 bxa3 14. Rxa3 Bf5 {1-0 (26) Navara,D (2697)-Harsha,B (2509) Chess.com INT 2020}) 9. Bg2 b5 10. O-O Bb7 11. Nd5 Nxd5 12. exd5 O-O 13. Be3 Bg5 14. f4 exf4 15. Nxf4 Rc8 16. a4 b4 17. a5 $1 Bf6 18. Ra4 Bc3 {[%emt 0:03:10] [#]} (18... Re8 $11 {remains equal.} 19. Bf2 (19. Rxb4 Rxe3 20. Rxb7 Rc7 $11) 19... Nc5 20. Rxb4 Qxa5) 19. Ne2 $1 $16 {[%emt 0:00:44] White is more active.} Re8 20. Bf2 Qc7 21. Nxc3 bxc3 22. Rh4 Ne5 23. Bb6 Qe7 24. Be4 g6 25. Bg2 Qg5 (25... f5 $14 {was preferrable.}) 26. Rhf4 $36 {[%emt 0:01:32][%mdl 2048] White is on the roll.} (26. Re4 {keeps more tension.} Qd2 27. Rd4 Qg5 28. Rdf4) 26... f5 27. Bd4 (27. Re1 $16) 27... Qd8 $14 28. Qa1 Qc7 (28... Qd7 $11 {keeps the balance.}) 29. Bb6 {[%emt 0:04:01] A strong pair of Bishops.} Qd7 30. h3 {[%emt 0:01:06] Against Ng4} Qb5 31. Qa4 Qe2 (31... Qxa4 $142 32. Rxa4 Nd7) 32. R1f2 ({White should try} 32. R4f2 Qb5 33. Qxb5 axb5 34. g4) 32... Qe1+ 33. Kh2 Nd3 {[%emt 0:01:16] A mistake that costs the game.} 34. Rf1 $18 ({Stronger than} 34. cxd3 c2 35. Rf1 {[#]} c1=Q $1 $17) 34... Qd2 (34... Qe2 {might work better.} 35. cxd3 c2) 35. cxd3 c2 36. Qd7 {[%emt 0:00:48][%csl LRb7,LRd6] Threatens to win with Bd4. White is clearly winning.} Bxd5 37. R4f2 Qxd3 {[%emt 0:00:34] Strongly threatening ...Bxg2.} 38. Qxd6 Be4 39. Qxd3 Bxd3 40. Rc1 Kf8 41. Rd2 Rc3 42. b4 Re2 43. Rxe2 Bxe2 44. Bd4 Rc4 45. Bc5+ Ke8 46. Kg1 Rc3 47. Kf2 Bd1 (47... Bd3 $142 48. g4 Kd7 49. gxf5 gxf5) 48. Bb7 Rb3 49. Bxa6 Rb1 50. Be3 {[%emt 0:00:07] Weighted Error Value: White=0.10 (very precise) /Black=0.31} 1-0

[Event "Swietokrzyskie IM Chess-ch 2022"]
[Site "Zagnansk"]
[Date "2022.05.04"]
[Round "7.3"]
[White "Vlachos, IM Anatole"]
[Black "Kotyk, Michael"]
[Result "1-0"]
[ECO "C88"]
[WhiteElo "2406"]
[BlackElo "2170"]
[Annotator "TA"]
[PlyCount "77"]
[EventDate "2022.04.29"]
[EventCountry "POL"]
[SourceTitle "playchess.com"]
[Source "ChessBase"]
[SourceQuality "1"]
[TimeControl "40/5400+30:1800+30"]

1. e4 e5 2. Nf3 Nc6 3. Bb5 a6 4. Ba4 Nf6 5. O-O Be7 6. Re1 b5 7. Bb3 O-O 8. d3 Bb7 9. Nc3 Nd4 {[%emt 0:00:06] [#] C88: Closed Ruy Lopez: Anti-Marshall Systems.} (9... d6 $11 {keeps the balance.}) 10. Nxd4 $146 ({Predecessor:} 10. Nxe5 Nxb3 11. axb3 b4 12. Ne2 d5 13. Ng3 dxe4 14. dxe4 Qxd1 15. Rxd1 Nxe4 16. Nxe4 Bxe4 17. c3 {½-½ (40) Huaracc Yarasca,D (1112)-Atiencia,J Guayaquil 2019}) 10... exd4 11. Ne2 d5 {[%emt 0:01:29] White has an edge.} 12. exd5 Nxd5 13. Nxd4 c5 14. Nf5 Bf6 15. Qg4 Kh8 16. Qg3 {[%emt 0:10:11] White is more active.} Qd7 17. Nd6 Rad8 18. Nxb7 Qxb7 19. Bg5 c4 (19... Qc6 $16) 20. dxc4 $40 {[%emt 0:00:30][%mdl 128] White is out for blood.} bxc4 21. Bxf6 Nxf6 22. Bxc4 Qxb2 23. Qb3 Qd4 24. Bxa6 Ng4 25. Qg3 Rd6 $2 (25... Qa4 26. Bd3 Nf6) 26. Be2 {[%emt 0:00:38] [#] aiming for Rad1.} Rg6 27. Rad1 Qa4 (27... Qe5 {might work better.} 28. a4 (28. Bxg4 Qxg3 29. hxg3 Rxg4 $16) 28... Kg8 29. Qxe5 Nxe5) 28. Bd3 f5 {[%emt 0:11:06] [#]} 29. Bxf5 $1 Rg5 (29... Nxf2 30. Qxf2) 30. Be4 Qa7 (30... Re8 $142 31. h3 Rge5 32. Qxg4 h5) 31. Bf3 {[%emt 0:00:57] White is clearly winning.} h5 32. h3 Rxf3 33. Qxf3 {[%emt 0:01:22] Re8+ would kill now.} Ne5 34. Qf4 Nf7 35. Re8+ Kh7 36. Qe4+ Kh6 37. Re7 Qxa2 38. Qf4 {[%emt 0:00:11] Threatening mate with h4.} Qa8 39. g3 {[%emt 0:00:27] Weighted Error Value: White=0.15 (very precise) /Black=0.61} 1-0

[Event "Swietokrzyskie IM Chess-ch 2022"]
[Site "Zagnansk"]
[Date "2022.05.04"]
[Round "7.4"]
[White "Krzywda, CM Andrzej"]
[Black "Nowak, FM Lukasz"]
[Result "1-0"]
[ECO "B24"]
[WhiteElo "2152"]
[BlackElo "2376"]
[Annotator "TA"]
[PlyCount "151"]
[EventDate "2022.04.29"]
[EventCountry "POL"]
[SourceTitle "playchess.com"]
[Source "ChessBase"]
[SourceQuality "1"]
[TimeControl "40/5400+30:1800+30"]

1. e4 c5 2. Nc3 Nc6 3. Bb5 Nd4 4. Nf3 a6 5. Bd3 g6 6. Rb1 {[%emt 0:03:14] B23: Closed Sicilian: Lines without g3.} Nc6 7. a3 b5 8. O-O {[%emt 0:04:08] The position is equal.} Bg7 9. Re1 d6 {[%emt 0:00:31] [#]} 10. b3 $146 ({Predecessor:} 10. b4 Nf6 11. bxc5 dxc5 12. e5 Nh5 13. Be4 Bd7 14. d4 Rc8 15. Bxc6 Bxc6 16. d5 {1-0 (36) Mchedlishvili,M (2587)-Salem,A (2690) Abu Dhabi 2021}) 10... Bg4 11. a4 b4 12. Nd5 Nd4 13. c3 bxc3 14. dxc3 Nxf3+ 15. gxf3 Bd7 (15... Bh5 $11) 16. Bg5 h6 17. Bh4 g5 18. Bg3 e5 (18... Nf6 19. Nxf6+ Bxf6 20. e5 dxe5 21. Bxe5 $16) 19. Bc4 Ne7 (19... h5 $5 ) 20. Ne3 Be6 (20... Bh3 $1 $11) 21. Qd3 a5 (21... O-O $14) 22. Rbd1 $36 {[%emt 0:00:12][%mdl 2048] aiming for Bxe6. White is on the roll.} Nc8 23. Bxe6 fxe6 24. Nc4 Ke7 25. h4 Bf6 26. hxg5 {[%emt 0:01:01] White is much more active.} hxg5 27. Kg2 Qc7 28. Rh1 Rxh1 29. Rxh1 (29. Kxh1 $6 Nb6 $11) 29... Kf8 30. Rd1 Be7 31. Qf1 (31. Ne3 $16) 31... Nb6 32. Qh1 Kg7 {[%emt 0:01:16] Prevents Qh8+.} 33. Qh3 Nxc4 34. Rh1 $1 {[%emt 0:05:53] White threatens Qh7+ and mate.} Rg8 35. Qxe6 {[%emt 0:05:02] Threatens to win with Rh6.} (35. bxc4 Qc8 $11) 35... Rh8 {[%emt 0:08:46] Inhibits Rh6. ...Rxh1 is the strong threat.} 36. Rxh8 {[%emt 0:00:33] Chess con chili.} Kxh8 37. Qxc4 Bd8 38. Qe6 Kg7 {[%emt 0:00:45] Prevents Qg6+.} 39. Qd5 Kf8 40. Qc4 Qf7 41. Qb5 Qe8 {[%emt 0:24:09] Hoping for ...Qxb5.} 42. Qa6 Qd7 43. Qd3 Qe6 44. Qd1 (44. Kg1 {seems wilder.} Ke7 45. Qb5 Qh3 46. Qb7+) 44... Ke7 45. Qb1 Kd7 46. Kf1 Kc6 47. Ke2 Qf7 48. Qb2 (48. Qd1 {looks sharper.} Bb6 49. c4 Qe8 50. Qd2) 48... Bb6 49. Qc2 (49. c4 $16) 49... Kc7 (49... c4 $11) 50. Qd1 (50. c4 $16) 50... Kc6 (50... c4 $11 51. bxc4 (51. b4 axb4 52. cxb4 Bd4 $11) 51... Qxc4+ 52. Kd2 Kc6) 51. Kf1 ({White should try} 51. c4 $16) 51... Kc7 {[%emt 0:00:11] [#]} (51... c4 $11) 52. Kg2 (52. c4 $1 $16) 52... Kc6 (52... c4 $11) 53. Qb1 (53. c4 {with more complications.} Qe6 54. Qd5+ Kd7 55. Qb7+) 53... Kc7 54. Qb2 Qe6 55. Qc2 (55. c4 $16) 55... Qf7 (55... c4 $11) 56. Qd1 ({White should play} 56. c4 $16) 56... Qe6 (56... Kc6 $11) 57. Bh2 (57. c4 $16) 57... Qf7 (57... c4 $11 {keeps the balance.}) 58. Qc2 (58. c4 $16) 58... Kc6 {[%emt 0:01:58] [#]} (58... c4 $11 {remains equal.} 59. bxc4 Qxc4) 59. Qb1 (59. c4 $1 $16) 59... Kc7 (59... c4 $11 60. b4 (60. bxc4 Qxc4 61. Qd1 Kc7 $11) 60... axb4 61. Qxb4 g4) 60. Qd1 (60. c4 $16) 60... Kc6 (60... c4 $11 61. bxc4 Qxc4) 61. c4 Bc7 62. Qd2 Bb6 $2 {[%emt 0:00:28][%mdl 8192] This move loses the game for Black.} (62... Qf6 $16) 63. Qxg5 $18 {[%emt 0:00:57] Strongly threatening f4.} Bc7 (63... Qh7 $142 64. Bg3 Bc7) 64. f4 Qe8 65. f5 Bd8 66. Qg6 Qe7 67. Bg3 Kd7 68. f3 Kc6 69. Be1 Kd7 70. Qg8 Kc6 71. Qd5+ Kd7 72. Qb7+ Bc7 73. Bxa5 {[%emt 0:02:59] White mates.} Qg5+ 74. Kf2 Qh4+ 75. Ke2 Qh2+ 76. Kd3 {[%emt 0:00:23] Weighted Error Value: White=0.19 (very precise) /Black=0.26 (precise)} 1-0

[Event "Swietokrzyskie IM Chess-ch 2022"]
[Site "Zagnansk"]
[Date "2022.05.04"]
[Round "7.5"]
[White "Wikar, WFM Martyna"]
[Black "Prokofiev, Valentyn"]
[Result "1-0"]
[ECO "C55"]
[WhiteElo "2197"]
[BlackElo "2287"]
[Annotator "TA"]
[PlyCount "77"]
[EventDate "2022.04.29"]
[EventCountry "POL"]
[SourceTitle "playchess.com"]
[Source "ChessBase"]
[SourceQuality "1"]
[TimeControl "40/5400+30:1800+30"]

1. e4 e5 2. Nf3 Nc6 3. Bc4 Nf6 4. d3 h6 5. O-O d6 6. c3 g5 {[%emt 0:00:02] now scores much better than the old 6...g6. C55: Two Knights: 4 d3, 4 d4 exd4 5 e5 and Max Lange Attack.} 7. Be3 Bg7 8. b4 O-O {[%emt 0:00:54] The position is equal.} 9. Nbd2 d5 (9... g4 $5 10. Ne1 d5 11. exd5 Nxd5 $11) 10. exd5 Nxd5 11. Ne4 {[%emt 0:04:25] [#]} b6 $146 ({Predecessor:} 11... a5 12. b5 Nce7 13. Bc5 Re8 14. Re1 Be6 15. Rc1 Ng6 16. Ng3 b6 17. Ba3 f5 {0-1 (36) Vergara Jofre,F (2332)-Anuj,S (2372) Sitges 2019}) 12. Qb3 Be6 13. Ng3 b5 (13... Nxe3 14. fxe3 Qd7 15. Nh5 $14) 14. Bxd5 Bxd5 15. Qd1 f5 (15... a5 $5 ) 16. Bc5 Rf7 17. Nd2 (17. a4 $11) 17... Ne7 (17... a5 $15 18. a3 Be6) 18. c4 Bb7 19. Nb3 Rc8 (19... bxc4 $142 20. Na5 Bc8) 20. Re1 {[%emt 0:09:35] [#]} (20. Na5 $11 {keeps the balance.} Ba8 21. cxb5) 20... Ng6 $1 $17 21. Nh5 Nh4 {[%emt 0:04:01] Threatens to win with ...Bh8.} 22. Nxg7 Rxg7 23. Rxe5 Bxg2 {[%emt 0:01:43] And now ...Nf3+ would win.} 24. Nd4 {[%emt 0:02:02] Inhibits Nf3+.} g4 $2 (24... bxc4 $15 25. Re6 (25. dxc4 Rd7 $15) (25. Nxf5 Qf6 $17) 25... Bb7 26. dxc4 Rd7) 25. Nxf5 $16 {[%emt 0:02:26] Dancing on a razor blade.} (25. cxb5 $6 Bh3 26. Kh1 (26. Qb3+ Kh7 $15) 26... Nf3 27. Nxf3 gxf3 28. Qxf3 Bg2+ 29. Qxg2 Rxg2 30. Kxg2 Qxd3 $11) 25... Nxf5 26. Rxf5 ({Much weaker is} 26. Kxg2 $6 Qf6 27. Qe2 (27. Rd5 c6 $17) 27... Nh4+ 28. Kf1 (28. Kh1 Nf3 $11) 28... Nf3 29. Re8+ Rxe8 30. Qxe8+ Kh7 31. Qe4+ Kh8 $11) 26... Qh4 $2 {[%emt 0:04:08][%mdl 8192] A mistake that costs the game.} 27. Kxg2 $18 Re8 28. Kh1 Rg6 29. Qg1 bxc4 30. Qg3 Qd8 31. dxc4 Qd2 32. Qf4 Qd3 33. Rg1 {[%emt 0:00:44] [#] Strongly threatening f3.} g3 34. hxg3 {[%emt 0:00:34] aiming for Rf8+.} Re4 35. Rf8+ {[%emt 0:00:10] White mates.} Kh7 36. Qf7+ Rg7 37. Qf5+ Rg6 38. Rf7+ Kh8 39. Kg2 {[%emt 0:01:17] Weighted Error Value: White=0.38/Black=0.58} ({Weaker is} 39. Qxg6 Rh4+ 40. Kg2 Qxg6 $18) 1-0